 Dungeon Crawl Stone Soup version 0.18.1-1-g2f07953 (webtiles) character file.

46 Eucla the Magician (level 3, -12/21 HPs)
             Began as an Octopode Wizard on May 8, 2016.
             Killed from afar by Ijyb (18 damage)
             ... with a wand of lightning
             ... on level 2 of the Dungeon.
             The game lasted 00:00:53 (585 turns).

Eucla the Magician (Octopode Wizard)                 Turns: 585, Time: 00:00:54

Health: -12/21     AC:  1    Str:  6    XL:     3   Next: 68%
Magic:  2/7        EV: 12    Int: 21    God:
Gold:   61         SH:  0    Dex: 10    Spells: 1 memorised, 7 levels left

rFire  . . .     SeeInvis .     (no weapon)
rCold  . . .     Gourm    .     (no shield)
rNeg   . . .     Faith    .     a - +0 hat
rPois  .         Spirit   .     (no amulet)
rElec  .         Dismiss  .     (no ring)
rCorr  .         Reflect  .     (no ring)
SustAt .         Harm     .     (no ring)
MR     .....                    (no ring)
Stlth  +++.......               (no ring)
                                (no ring)
                                (no ring)
                                (no ring)

@: very slightly contaminated, not resistant to hostile enchantments, fairly
stealthy
A: almost no armour, amphibious, 8 rings, constrict 8, camouflage 1, gelatinous
body 1
a: no special abilities


You were on level 2 of the Dungeon.
You were not hungry.

You visited 1 branch of the dungeon, and saw 2 of its levels.

You collected 61 gold pieces.

Inventory:

Armour
 a - a +0 hat (worn)
Jewellery
 h - an uncursed ring of stealth {unknown}
Scrolls
 e - a scroll of immolation {unknown}
 f - a scroll of magic mapping {unknown}
Potions
 d - a potion of brilliance {unknown}
 g - a potion of flight {unknown}
Books
 b - a book of Minor Magic

   Spells                             Type                      Level
   a - Magic Dart                     Conjuration                  1
   b - Blink                          Translocation                2
   c - Call Imp                       Summoning                    2
   d - Repel Missiles                 Charms/Air                   2
   e - Slow                           Hexes                        2
   f - Conjure Flame                  Conjuration/Fire             3
   g - Mephitic Cloud                 Conjuration/Poison/Air       3
Comestibles
 c - 2 bread rations


   Skills:
 - Level 2.0 Dodging
 - Level 2.6 Stealth
 + Level 3.4 Spellcasting
 * Level 2.8 Conjurations
   Level 1.0 Summonings
   Level 1.0 Translocations


You had 7 spell levels left.
You knew the following spells:

 Your Spells              Type           Power        Failure   Level  Hunger
a - Magic Dart            Conj           ###.         4%          1    None


Dungeon Overview and Level Annotations

Branches:
Dungeon (1/15)

Altars:

Annotations:
D:2 Ijyb


Innate Abilities, Weirdness & Mutations

You cannot wear most types of armour.
You are amphibious.
You can wear up to eight rings at the same time.
You can use your tentacles to constrict eight enemies at once.
Your skin changes colour to match your surroundings (Stealth).
Your rubbery body absorbs attacks (AC +1).


Message History

Press: ? - help, Shift-Dir - straight line, f/p - Ijyb
Aim: Ijyb, carrying a wand of lightning {zapped: 2} (moderately wounded)
The magic dart hits Ijyb.
Ijyb is moderately wounded.
The hobgoblin shouts!
Ijyb zaps a wand.
The bolt of lightning hits you!
* * * LOW HITPOINT WARNING * * *
You tentacle-slap Ijyb but do no damage.
Your grab misses Ijyb.
Ijyb is moderately wounded.
Ijyb barely misses you.
Unknown command.
Unknown command.
A hobgoblin opens the door.
Ijyb zaps a wand.
The bolt of lightning misses you. Ijyb screams, "I cut your head off!"
Ijyb screams, "Me stronger than you!"
Ijyb zaps a wand.
The bolt of lightning hits you!
Ouch! That really hurt!
You die...

...# #..#.#........# #.........
...# #..#....###.#.# ########.#
...# #..#....# #...# #.# .#.#
#..#.g..####..###########..
.#.####.##.#g............[.......
..†..(...#.#.....#..############.
...#####.#g#.....#..# #.......#.
.........#.#.....##># #.#####.#.
..#......g.#....@#### #.#####.#.
..'...g....#.###.#######.#.....#.
..#........#.# #.......†.#.###.#.
..#...†....#.###.................
g.#.......##.............#.......
..##############.#######.#.......
### #.# #.#....... #.# #.#....(..
#.# #.#.......


You could see Ijyb and a hobgoblin.

Vanquished Creatures
  Jessica (D:2)
  An adder (D:2)
  2 goblins
  A hobgoblin (D:2)
  3 jackals (D:2)
  A bat (D:2)
  A giant newt (D:2)
  A kobold (D:2)
  2 rats
13 creatures vanquished.

Notes
Turn   | Place    | Note
--------------------------------------------------------------
     0 | D:1      | Eucla the Octopode Wizard began the quest for the Orb.
     0 | D:1      | Reached XP level 1. HP: 11/11 MP: 4/4
    74 | D:1      | You fall through a shaft!
    84 | D:2      | Noticed Jessica
    89 | D:2      | Killed Jessica
    89 | D:2      | Reached XP level 2. HP: 17/17 MP: 1/6
    89 | D:2      | Reached XP level 3. HP: 21/21 MP: 1/7
   549 | D:2      | Noticed Ijyb
   585 | D:2      | Killed from afar by Ijyb

Skill      XL: |  1 |
---------------+----+-----
Conjurations   | 2 |  2.8
Dodging        | |  2.0
Stealth        | |  2.6
Spellcasting   | |  3.4
Summonings     | |  1.0
Translocations | |  1.0

Action                   || total
-------------------------++-------
Melee: Unarmed           ||     8
       Constrict         ||     3
       Tentacles         ||     3
 Cast: Magic Dart        ||    31
Armor: Skin              ||     2
Dodge: Dodged            ||    13
